TOP OF THE 1ST |
Syracuse Storm batting - Pitching for Myrtle Beach Seahawks : LHP Jon Trapani
|
Pitching: LHP Jon Trapani
|
|
Batting: RHB Tsuginori Kobayashi
|
0-0: Called Strike 0-1: Ball 1-1: Called Strike 1-2: Ball 2-2: Ball 3-2: Base on Balls
|
Batting: RHB Harry MacCash
|
0-0: Ball 1-0: Foul Ball, location: 2F 1-1: SINGLE (Flyball, 78S) Tsuginori Kobayashi to second
|
Batting: RHB Scotty Smalls
|
0-0: Called Strike Tsuginori Kobayashi steals 3rd base Harry MacCash to second 0-1: DOUBLE (Flyball, 89D) Tsuginori Kobayashi scores Harry MacCash scores
|
Batting: RHB Vince Staples
|
0-0: SINGLE (Groundball, 34S) (infield hit) Scotty Smalls to third
|
Batting: LHB Juan Jimínez
|
0-0: Fly out, F8 (Flyball, 89M) Throwing error, E8 Scotty Smalls scores Vince Staples to second
|
Batting: LHB Phil Beck
|
0-0: Foul Ball, location: 2F 0-1: Foul Ball, location: 2F 0-2: SINGLE (Line Drive, 3D) Vince Staples to third Runner from 3rd tries for Home, SAFE, no throw
|
Batting: RHB Juan Perales
|
0-0: Ball 1-0: Called Strike 1-1: Ball 2-1: Swinging Strike 2-2: Strikes out swinging
|
Batting: LHB Mike Clifton
|
0-0: Ball Phil Beck steals 2nd base Balk! Phil Beck to third 1-0: SINGLE (Groundball, 34D) Phil Beck scores
|
Batting: LHB Hirohisa Wada
|
0-0: Called Strike 0-1: Called Strike 0-2: Foul Ball, location: 2F 0-2: Ball 1-2: Ball 2-2: Strikes out swinging
|
Top of the 1st over - 5 runs, 5 hits, 1 error, 1 left on base; Syracuse 5 - Myrtle Beach 0 |
BOTTOM OF THE 1ST |
Myrtle Beach Seahawks batting - Pitching for Syracuse Storm : RHP Pong-keun Ch'oe
|
Pitching: RHP Pong-keun Ch'oe
|
|
Batting: LHB Dallas Ihde
|
0-0: Foul Ball, location: 2F 0-1: Fly out, F8 (Line Drive, 78D)
|
Batting: LHB Ijsbrand Erkelens
|
0-0: Swinging Strike 0-1: Swinging Strike 0-2: Ball 1-2: Fly out, F9 (Flyball, 9)
|
Batting: LHB Danny Trautmann
|
0-0: DOUBLE (Flyball, 8RXD)
|
Batting: RHB Aquiles Morda
|
0-0: Swinging Strike 0-1: Ball 1-1: Ground out 1-3 (Groundball, P)
|
Bottom of the 1st over - 0 runs, 1 hit, 0 errors, 1 left on base; Syracuse 5 - Myrtle Beach 0 |
TOP OF THE 2ND |
Syracuse Storm batting - Pitching for Myrtle Beach Seahawks : LHP Jon Trapani
|
Batting: RHB Tsuginori Kobayashi
|
0-0: Fly out, F4 (Line Drive, 4)
|
Batting: RHB Harry MacCash
|
0-0: Ball 1-0: SINGLE (Line Drive, 8LS)
|
Batting: RHB Scotty Smalls
|
0-0: Grounds into double play, 1-6-3 (Groundball, 13S)
|
Top of the 2nd over - 0 runs, 1 hit, 0 errors, 0 left on base; Syracuse 5 - Myrtle Beach 0 |
BOTTOM OF THE 2ND |
Myrtle Beach Seahawks batting - Pitching for Syracuse Storm : RHP Pong-keun Ch'oe
|
Batting: LHB Gabriel Amezquita
|
0-0: Called Strike 0-1: SINGLE (Flyball, 7LS)
|
Batting: RHB Luke Thornton
|
0-0: Foul Ball, location: 2F 0-1: SINGLE (Line Drive, 56D) Gabriel Amezquita to second
|
Batting: LHB Joo-young Yo
|
0-0: Called Strike 0-1: Ball 1-1: Ball 2-1: Ball 3-1: Fly out, F8 (Flyball, 89D) Runner from 2nd tags up, SAFE at 3rd, no throw
|
Batting: RHB Juan Mata
|
0-0: Swinging Strike 0-1: Called Strike 0-2: Ball 1-2: Strikes out swinging
|
Batting: LHB Peter Ough
|
0-0: Ball 1-0: DOUBLE (Line Drive, 89M) Gabriel Amezquita scores Luke Thornton to third Runner from 3rd tries for Home, SAFE, no throw
|
Batting: LHB Dallas Ihde
|
0-0: Ball 1-0: Ball 2-0: Called Strike 2-1: Foul Ball, location: 2F 2-2: Strikes out looking
|
Bottom of the 2nd over - 2 runs, 3 hits, 0 errors, 1 left on base; Syracuse 5 - Myrtle Beach 2 |
TOP OF THE 3RD |
Syracuse Storm batting - Pitching for Myrtle Beach Seahawks : LHP Jon Trapani
|
Batting: RHB Vince Staples
|
0-0: Ball 1-0: Ball 2-0: Foul Ball, location: 2F 2-1: Foul Ball, location: 2F 2-2: Ball 3-2: SINGLE (Groundball, 5L) (infield hit)
|
Batting: LHB Juan Jimínez
|
0-0: Called Strike 0-1: Foul Ball, location: 2F 0-2: Ball 1-2: Strikes out swinging
|
Batting: LHB Phil Beck
|
0-0: Called Strike 0-1: Ball Passed Ball! Vince Staples to second 1-1: Foul Ball, location: 2F 1-2: Fly out, F6 (Popup, 6M)
|
Batting: RHB Juan Perales
|
0-0: Ball 1-0: Called Strike 1-1: Foul Ball, location: 2F 1-2: Ball 2-2: SINGLE (Line Drive, 78M) Vince Staples to third Runner from 3rd tries for Home, SAFE, no throw
|
Batting: LHB Mike Clifton
|
0-0: SINGLE (Groundball, 34D) Juan Perales to second Runner from 2nd tries for 3rd, SAFE, no throw
|
Batting: LHB Hirohisa Wada
|
0-0: Called Strike 0-1: Ball 1-1: Swinging Strike 1-2: Strikes out swinging
|
Top of the 3rd over - 1 run, 3 hits, 0 errors, 2 left on base; Syracuse 6 - Myrtle Beach 2 |
BOTTOM OF THE 3RD |
Myrtle Beach Seahawks batting - Pitching for Syracuse Storm : RHP Pong-keun Ch'oe
|
Batting: LHB Ijsbrand Erkelens
|
0-0: Ball 1-0: Swinging Strike 1-1: Ground out 4-3 (Groundball, 4)
|
Batting: LHB Danny Trautmann
|
0-0: Foul Ball, location: 2F 0-1: Fly out, F7 (Line Drive, 78D)
|
Batting: RHB Aquiles Morda
|
0-0: Fly out, F8 (Line Drive, 8LXD)
|
Bottom of the 3rd over - 0 runs, 0 hits, 0 errors, 0 left on base; Syracuse 6 - Myrtle Beach 2 |
TOP OF THE 4TH |
Syracuse Storm batting - Pitching for Myrtle Beach Seahawks : LHP Jon Trapani
|
Batting: RHB Tsuginori Kobayashi
|
0-0: Ball 1-0: Fly out, F3 (Popup, 3)
|
Batting: RHB Harry MacCash
|
0-0: Called Strike 0-1: Called Strike 0-2: Fly out, F8 (Flyball, 78M)
|
Batting: RHB Scotty Smalls
|
0-0: Called Strike 0-1: Called Strike 0-2: Foul Ball, location: 2F 0-2: Ball 1-2: Ground out 5-3 (Groundball, 56)
|
Top of the 4th over - 0 runs, 0 hits, 0 errors, 0 left on base; Syracuse 6 - Myrtle Beach 2 |
BOTTOM OF THE 4TH |
Myrtle Beach Seahawks batting - Pitching for Syracuse Storm : RHP Pong-keun Ch'oe
|
Batting: LHB Gabriel Amezquita
|
0-0: Called Strike 0-1: Ball 1-1: Ball 2-1: Fly out, F8 (Flyball, 8RD)
|
Batting: RHB Luke Thornton
|
0-0: Fly out, F9 (Flyball, 9S)
|
Batting: LHB Joo-young Yo
|
0-0: Ground out 5-3 (Groundball, 56)
|
Bottom of the 4th over - 0 runs, 0 hits, 0 errors, 0 left on base; Syracuse 6 - Myrtle Beach 2 |
TOP OF THE 5TH |
Syracuse Storm batting - Pitching for Myrtle Beach Seahawks : LHP Jon Trapani
|
Batting: RHB Vince Staples
|
0-0: SINGLE (Line Drive, 9S)
|
Batting: LHB Juan Jimínez
|
0-0: Ball 1-0: Ball 2-0: Fly out, F3 (Line Drive, 3) Lined into DP, U3 (Line Drive, 3)
|
Batting: LHB Phil Beck
|
0-0: Ball 1-0: Foul Ball, location: 2F 1-1: Swinging Strike 1-2: Strikes out looking
|
Top of the 5th over - 0 runs, 1 hit, 0 errors, 0 left on base; Syracuse 6 - Myrtle Beach 2 |
BOTTOM OF THE 5TH |
Myrtle Beach Seahawks batting - Pitching for Syracuse Storm : RHP Pong-keun Ch'oe
|
Batting: RHB Juan Mata
|
0-0: Called Strike 0-1: Ground out 6-3 (Groundball, 6)
|
Batting: LHB Peter Ough
|
0-0: SINGLE (Line Drive, 5D)
|
Batting: LHB Dallas Ihde
|
0-0: Called Strike 0-1: Ball Peter Ough steals 2nd base 1-1: Fly out, F7 (Flyball, 7S)
|
Batting: LHB Ijsbrand Erkelens
|
0-0: Foul Ball, location: 2F 0-1: SINGLE (Groundball, 4S) (infield hit) Peter Ough to third
|
Batting: LHB Danny Trautmann
|
0-0: Ball 1-0: Foul Ball, location: 2F 1-1: Foul Ball, location: 2F 1-2: Foul Ball, location: 2F 1-2: Ball 2-2: Ground out 4-3 (Groundball, 4)
|
Bottom of the 5th over - 0 runs, 2 hits, 0 errors, 2 left on base; Syracuse 6 - Myrtle Beach 2 |
TOP OF THE 6TH |
Syracuse Storm batting - Pitching for Myrtle Beach Seahawks : LHP Jon Trapani
|
Batting: RHB Juan Perales
|
0-0: Ball 1-0: Ball 2-0: Fly out, F4 (Line Drive, 4)
|
Batting: LHB Mike Clifton
|
0-0: Called Strike 0-1: Foul Ball, location: 2F 0-2: Ball 1-2: Ball 2-2: Strikes out swinging
|
Batting: LHB Hirohisa Wada
|
0-0: Called Strike 0-1: Ball 1-1: Called Strike 1-2: Ball 2-2: Fly out, F3 (Popup, 34)
|
Top of the 6th over - 0 runs, 0 hits, 0 errors, 0 left on base; Syracuse 6 - Myrtle Beach 2 |
BOTTOM OF THE 6TH |
Myrtle Beach Seahawks batting - Pitching for Syracuse Storm : RHP Pong-keun Ch'oe
|
Batting: RHB Aquiles Morda
|
0-0: Fly out, F8 (Flyball, 89D)
|
Batting: LHB Gabriel Amezquita
|
0-0: SINGLE (Line Drive, 9LM)
|
Batting: RHB Luke Thornton
|
0-0: Called Strike 0-1: Grounds into double play, 4-6-3 (Groundball, 34)
|
Bottom of the 6th over - 0 runs, 1 hit, 0 errors, 0 left on base; Syracuse 6 - Myrtle Beach 2 |
TOP OF THE 7TH |
Syracuse Storm batting - Pitching for Myrtle Beach Seahawks : LHP Jon Trapani
|
Batting: RHB Tsuginori Kobayashi
|
0-0: Called Strike 0-1: Foul Ball, location: 2F 0-2: Strikes out looking
|
Batting: RHB Harry MacCash
|
0-0: Foul Ball, location: 2F 0-1: Ball 1-1: Called Strike 1-2: Hit by Pitch
|
Batting: RHB Scotty Smalls
|
0-0: Ball 1-0: SINGLE (Groundball, 56S) (infield hit) Harry MacCash to second
|
Pitching: RHP Sebastian Calvert
|
|
Batting: RHB Vince Staples
|
0-0: Grounds into double play, 4-6-3 (Groundball, 4)
|
Top of the 7th over - 0 runs, 1 hit, 0 errors, 1 left on base; Syracuse 6 - Myrtle Beach 2 |
BOTTOM OF THE 7TH |
Myrtle Beach Seahawks batting - Pitching for Syracuse Storm : RHP Pong-keun Ch'oe
|
Batting: LHB Joo-young Yo
|
0-0: Foul Ball, location: 2F 0-1: Ball 1-1: Called Strike 1-2: Foul Ball, location: 2F 1-2: Ball 2-2: Ball 3-2: Foul Ball, location: 2F 3-2: Base on Balls
|
Batting: RHB Juan Mata
|
0-0: Ball 1-0: Foul Ball, location: 2F 1-1: Ball 2-1: Fly out, F7 (Flyball, 78D)
|
Batting: LHB Peter Ough
|
0-0: Ball 1-0: Ball 2-0: SINGLE (Groundball, 4D) Joo-young Yo to second Runner from 2nd tries for 3rd, SAFE, no throw
|
Batting: LHB Dallas Ihde
|
0-0: Ball 1-0: Foul Ball, location: 2F 1-1: Foul Ball, location: 2F 1-2: Ball 2-2: Ball 3-2: Base on Balls Peter Ough to second
|
Batting: LHB Ijsbrand Erkelens
|
0-0: Ball 1-0: Called Strike 1-1: Called Strike 1-2: Ball 2-2: Grounds into fielders choice 1-2 (Groundball, P) Peter Ough to third Dallas Ihde to second
|
Batting: LHB Danny Trautmann
|
0-0: SINGLE (Line Drive, 78S) Peter Ough scores Dallas Ihde to third Ijsbrand Erkelens to second Runner from 3rd tries for Home, SAFE, throw made home
|
Batting: RHB Aquiles Morda
|
0-0: Ground out 4-3 (Groundball, 4)
|
Bottom of the 7th over - 2 runs, 2 hits, 0 errors, 2 left on base; Syracuse 6 - Myrtle Beach 4 |
TOP OF THE 8TH |
Syracuse Storm batting - Pitching for Myrtle Beach Seahawks : RHP Sebastian Calvert
|
Batting: LHB Juan Jimínez
|
0-0: Called Strike 0-1: Fly out, F9 (Flyball, 9S)
|
Batting: LHB Phil Beck
|
0-0: Ball 1-0: Ball 2-0: Called Strike 2-1: Called Strike 2-2: Foul Ball, location: 2F 2-2: Ball 3-2: Base on Balls
|
Batting: RHB Juan Perales
|
0-0: Ball 1-0: Ball 2-0: Called Strike 2-1: Ball 3-1: Called Strike 3-2: Grounds into double play, 6-4-3 (Groundball, 6)
|
Top of the 8th over - 0 runs, 0 hits, 0 errors, 0 left on base; Syracuse 6 - Myrtle Beach 4 |
BOTTOM OF THE 8TH |
Myrtle Beach Seahawks batting - Pitching for Syracuse Storm : RHP Pong-keun Ch'oe
|
Batting: LHB Gabriel Amezquita
|
0-0: Ball 1-0: Ball 2-0: Foul Ball, location: 2F 2-1: Ball 3-1: Foul Ball, location: 2F 3-2: Base on Balls
|
Batting: RHB Luke Thornton
|
0-0: Ball 1-0: Foul Ball, location: 2F 1-1: Fly out, F8 (Flyball, 8LM)
|
Batting: LHB Joo-young Yo
|
0-0: Ball 1-0: Grounds into double play, 4-6-3 (Groundball, 4)
|
Bottom of the 8th over - 0 runs, 0 hits, 0 errors, 0 left on base; Syracuse 6 - Myrtle Beach 4 |
TOP OF THE 9TH |
Syracuse Storm batting - Pitching for Myrtle Beach Seahawks : RHP Sebastian Calvert
|
Batting: LHB Mike Clifton
|
0-0: Ball 1-0: Foul Ball, location: 2F 1-1: Ball 2-1: Ball 3-1: Called Strike 3-2: Base on Balls
|
Batting: LHB Hirohisa Wada
|
0-0: Ball 1-0: Sac Bunt - play at second, runner OUT! 1-6
|
Batting: RHB Tsuginori Kobayashi
|
0-0: Foul Ball, location: 2F 0-1: Foul Ball, location: 2F 0-2: Strikes out looking
|
Batting: RHB Harry MacCash
|
0-0: Fielders Choice at 2nd, U4 (Groundball, 4M)
|
Top of the 9th over - 0 runs, 0 hits, 0 errors, 1 left on base; Syracuse 6 - Myrtle Beach 4 |
BOTTOM OF THE 9TH |
Myrtle Beach Seahawks batting - Pitching for Syracuse Storm : RHP Pong-keun Ch'oe
|
Pitching: RHP Matthew Fallows
|
|
Batting: RHB Juan Mata
|
0-0: Fly out, F7 (Line Drive, 7)
|
Batting: LHB Peter Ough
|
0-0: Called Strike 0-1: Ball 1-1: Foul Ball, location: 2F 1-2: SINGLE (Line Drive, 4)
|
Pinch Hitting: SHB Quentin Harrop
|
0-0: Called Strike 0-1: Called Strike 0-2: Ball 1-2: Ball 2-2: Ball 3-2: Foul Ball, location: 2F 3-2: Foul Ball, location: 2F 3-2: Base on Balls Peter Ough to second
|
Batting: LHB Ijsbrand Erkelens
|
0-0: DOUBLE (Line Drive, 7LM) Peter Ough scores Quentin Harrop to third Runner from 3rd tries for Home, SAFE, no throw
|
Batting: LHB Danny Trautmann
|
0-0: Intentional Walk
|
Batting: RHB Aquiles Morda
|
0-0: Swinging Strike 0-1: SINGLE (Line Drive, 9LS) Ijsbrand Erkelens to third Danny Trautmann to second
|
Batting: LHB Gabriel Amezquita
|
0-0: Called Strike 0-1: Foul Ball, location: 2F 0-2: Ball 1-2: Ball 2-2: Strikes out swinging
|
Batting: RHB Luke Thornton
|
0-0: Ball 1-0: Ball 2-0: Called Strike 2-1: Ball 3-1: Base on Balls Ijsbrand Erkelens scores Danny Trautmann to third Aquiles Morda to second
|
Tuesday, December 19th, 2017 - OOTP Baseball 18.8 Build 76
|
|